[Event "Team 45 45 League T59"]
[Site "Internet Chess Club"]
[Date "2014.01.05"]
[Round "6"]
[White "CHENENE"]
[Black "Holgate"]
[Result "1-0"]
[WhiteElo "1724"]
[BlackElo "1933"]
[Opening "King's Indian: orthodox, 7...Nbd7"]
[ECO "E94"]
[Time "10:41:45"]
[TimeControl "2700+45"]

1. d4 Nf6 2. c4 g6 3. Nc3 Bg7 4. e4 d6 5. Nf3 O-O 6. Be2 Nbd7 7. O-O e5 8. d5
Nc5 9. Qc2 a5 10. Be3 Nfd7 11. Rad1 f5 12. exf5 gxf5 13. Bg5 Nf6 14. a3 a4 15.
h3 Qe8 16. Nb5 Qf7 17. Nd2 Ne8 18. Be3 Kh8 19. Kh1 Qg6 20. Nc3 Rg8 21. Rg1 Bd7
22. g3 Nf6 23. Bxc5 dxc5 24. Nf3 Qh6 25. h4 Ng4 26. Ng5 Raf8 27. Bxg4 fxg4 28.
Kg2 e4 29. Rge1 Bd4 30. Ngxe4 Qg6 31. Qd2 Rg7 32. Kg1 Re7 33. Re2 Rfe8 34. Rde1
h6 35. d6 cxd6 36. Nxc5 Rxe2 37. Qxd4+ Qg7 38. Qxg7+ Kxg7 39. Rxe2 Rxe2 40. Nxe2
dxc5 41. Nc3 Kf6 42. Ne4+ Ke5 43. Nxc5 Bc6 44. b3 axb3 45. Nxb3 b6 46. c5 b5 47.
Kf1 Bf3 48. Ke1 Kd5 49. c6 Kd6 50. Nd4 Be4 51. Kd2 Kc5 52. Kc3 Bd5 53. Nf5 Be6
54. Nxh6 Kxc6 55. Kd4 Kb6 56. Ke5 Ba2 57. Nxg4 Ka5 58. h5 Ka4 59. h6 Bb1 60. f3
Kxa3 61. f4 b4 62. f5 Bxf5 63. Kxf5 b3 64. Ne3 {Black resigns} 1-0

[Event "Team 45 45 League T59"]
[Site "Internet Chess Club"]
[Date "2014.01.02"]
[Round "6"]
[White "Tobiasdelmonte"]
[Black "jjmolina"]
[Result "1-0"]
[WhiteElo "1781"]
[BlackElo "1814"]
[Opening "English: symmetrical variation"]
[ECO "A38"]
[Time "10:12:35"]
[TimeControl "2700+45"]

1. c4 c5 2. Nf3 Nc6 3. Nc3 Nf6 4. g3 g6 5. Bg2 Bg7 6. d4 cxd4 7. Nxd4 O-O 8. O-O
Nxd4 9. Qxd4 d6 10. Rd1 Ng4 11. Qd3 Qb6 12. e3 Ne5 13. Qf1 Be6 14. Nd5 Qd8 15.
Rb1 Re8 16. b3 Bg4 17. f3 Be6 18. Bb2 Bxd5 19. Rxd5 Nd7 20. Bxg7 Kxg7 21. f4 Rc8
22. Rbd1 Qb6 23. Qd3 Rc5 24. Kh1 Rxd5 25. Bxd5 Nf6 26. Bf3 h5 27. Kg2 Qa6 28.
Rd2 Qb6 29. h3 e5 30. Qxd6 e4 31. Be2 Qxe3 32. Qd4 Qxd4 33. Rxd4 Re7 34. Kf2 Ng8
35. Ke3 f5 36. g4 fxg4 37. hxg4 Nh6 38. Rxe4 Nxg4+ 39. Kd4 Rd7+ 40. Kc5 Rd2 41.
a4 Rb2 42. b4 Nf2 43. Re5 b6+ 44. Kb5 a5 45. Kxb6 axb4 46. c5 Rc2 47. c6 b3 48.
c7 b2 49. Rb5 {Black resigns} 1-0

[Event "Team 45 45 League T59"]
[Site "Internet Chess Club"]
[Date "2014.01.03"]
[Round "6"]
[White "Baseta"]
[Black "pishd"]
[Result "1/2-1/2"]
[WhiteElo "1824"]
[BlackElo "1775"]
[Opening "Queen's pawn game"]
[ECO "E10"]
[Time "11:18:45"]
[TimeControl "2700+45"]

1. d4 Nf6 2. c4 e6 3. Nf3 d5 4. cxd5 exd5 5. Nc3 Be7 6. Bg5 O-O 7. e3 c6 8. Qc2
Re8 9. Bd3 Ne4 10. Bxe4 dxe4 11. Nxe4 Qa5+ 12. Qd2 Bb4 13. Nc3 Bg4 14. Ne5 Be6
15. Bf4 f6 16. Nd3 c5 17. Nxc5 Bxc5 18. dxc5 Qxc5 19. O-O Nc6 20. Ne4 Qb6 21.
Qc3 Ne5 22. Bxe5 fxe5 23. Ng5 Kh8 24. Nxe6 Qxe6 25. e4 Rac8 26. Qe3 b6 27. Rfc1
Rxc1+ 28. Qxc1 Rc8 29. Qd2 h6 30. Qd5 Qxd5 31. exd5 Rc4 32. Rd1 Kg8 33. d6 Rc8
34. f3 Kf7 35. Kf2 Ke6 36. Ke3 Rd8 37. Ke4 Rd7 38. h4 g6 39. g4 Rxd6 40. Rxd6+
Kxd6 41. h5 gxh5 42. gxh5 Ke6 43. b4 b5 44. a3 a6 45. Kd3 {Game drawn by mutual
agreement} 1/2-1/2

[Event "Team 45 45 League T59"]
[Site "Internet Chess Club"]
[Date "2014.01.03"]
[Round "6"]
[White "MeWantCookie"]
[Black "Froggy"]
[Result "1-0"]
[WhiteElo "2118"]
[BlackElo "1985"]
[Opening "Robatsch (modern) defense"]
[ECO "B34"]
[Time "00:01:17"]
[TimeControl "2700+45"]

1. e4 g6 2. d4 Bg7 3. Nf3 c5 4. Nc3 cxd4 5. Nxd4 Nc6 6. Be3 Nf6 7. Nxc6 bxc6 8.
e5 Ng8 9. f4 Nh6 10. Qd2 Qa5 11. Bd3 Rb8 12. Ne4 Qc7 13. Bc5 Rxb2 14. Bc4 Nf5
15. Bb3 O-O 16. O-O-O Rxb3 17. cxb3 Bxe5 18. fxe5 Qxe5 19. Qc2 d6 20. Bf2 c5 21.
Rhe1 c4 22. bxc4 Be6 23. Rd2 Rc8 24. c5 dxc5 25. Nc3 Qxh2 26. Nd5 Qxg2 27. Nf4
Qg5 28. Nxe6 fxe6 29. Qe4 Rd8 30. Be3 Qf6 31. Rxd8+ Kf7 32. Kb1 {Black resigns}
1-0

[Event "Team 45 45 League T59"]
[Site "Internet Chess Club"]
[Date "2014.01.02"]
[Round "6"]
[White "CogitoErgoSum"]
[Black "chess09"]
[Result "1-0"]
[WhiteElo "1910"]
[BlackElo "1943"]
[Opening "Sicilian: Richter-Rauzer, Rauzer attack, 7...a6 defense, 9...Be7"]
[ECO "B68"]
[Time "20:39:40"]
[TimeControl "2700+45"]

1. e4 c5 2. Nf3 d6 3. d4 cxd4 4. Nxd4 Nf6 5. Nc3 Nc6 6. Bg5 e6 7. Qd2 Be7 8.
O-O-O a6 9. f4 Bd7 10. Kb1 Qc7 11. Nb3 O-O-O 12. Be2 h6 13. Bh4 Kb8 14. Bf2 b5
15. Rhe1 Rc8 16. e5 dxe5 17. fxe5 Nxe5 18. Bg3 Ka8 19. Bxb5 Bxb5 20. Nxb5 axb5
21. Bxe5 Qa7 22. Qe2 Qb7 23. Na5 Qb6 24. Qf3+ Ka7 25. Bxf6 Bxf6 26. Rd7+ Rc7 27.
Nc6+ Ka6 28. Rd6 Qc5 29. Nb4+ Ka7 30. Ra6+ Kb8 31. Ra8# {Black checkmated} 1-0

[Event "Team 45 45 League T59"]
[Site "Internet Chess Club"]
[Date "2014.01.02"]
[Round "6"]
[White "FourKnights"]
[Black "LittleButton"]
[Result "1/2-1/2"]
[WhiteElo "1808"]
[BlackElo "1872"]
[Opening "Kevitz-Trajkovich defense"]
[ECO "A50"]
[Time "16:01:21"]
[TimeControl "2700+45"]

1. d4 Nf6 2. c4 Nc6 3. Nf3 e6 4. Nc3 Bb4 5. Qc2 O-O 6. a3 Bxc3+ 7. bxc3 d6 8.
Bg5 e5 9. e3 e4 10. Nd2 Bf5 11. Be2 Nb8 12. Rb1 b6 13. O-O Nbd7 14. Rb5 Bg6 15.
Bg4 Qe8 16. Bh3 c6 17. Rb2 d5 18. Qb3 Bh5 19. cxd5 cxd5 20. c4 dxc4 21. Nxc4 Bg4
{Game drawn by mutual agreement} 1/2-1/2

[Event "Team 45 45 League T59"]
[Site "Internet Chess Club"]
[Date "2014.01.06"]
[Round "6"]
[White "latayvia"]
[Black "MBAStudent"]
[Result "0-1"]
[WhiteElo "1591"]
[BlackElo "1749"]
[Opening "Benkö gambit accepted"]
[ECO "A58"]
[Time "15:05:51"]
[TimeControl "2700+45"]

1. d4 Nf6 2. c4 c5 3. d5 b5 4. cxb5 a6 5. bxa6 Nxa6 6. Nc3 g6 7. g3 Bg7 8. Bg2
d6 9. e4 O-O 10. Nge2 Bd7 11. O-O Qb6 12. f4 Ng4 13. Qe1 Nb4 14. Qd2 c4+ 15. Kh1
Nf2+ 16. Rxf2 Qxf2 17. e5 Nd3 18. e6 Be8 19. Ne4 Qb6 20. Qe3 Qxe3 21. Bxe3 f5
22. N4c3 Nxb2 23. Rb1 Nd3 24. Rb7 Ra3 25. Rxe7 Bxc3 26. Nxc3 Rxc3 27. Bd4 Rc1+
28. Bf1 Bf7 29. exf7+ Rxf7 30. Re8+ Rf8 31. Re7 Rd8 32. Kg2 Rc2+ 33. Kh3 Nf2+
34. Kh4 Ne4 35. h3 Rd2 36. Be3 c3 37. Rc7 Rxa2 38. Bd4 Rd2 39. Bxc3 Nxc3 40.
Rxc3 Kg7 41. Rc7+ Kf6 42. g4 fxg4 43. hxg4 h6 44. Bb5 g5+ 45. fxg5+ hxg5+ 46.
Kg3 Rxd5 47. Be2 Re5 48. Bf3 d5 49. Rh7 d4 50. Rh6+ Kg7 51. Ra6 d3 52. Ra1 d2
53. Rd1 Re1 54. Kg2 Rxd1 55. Bxd1 Kf6 56. Kf2 Ke5 57. Ke2 Kf4 58. Kf1 Ke3 59.
Kg2 Rc8 60. Kg3 Rc1 61. Bf3 Rg1+ 62. Bg2 d1=Q 63. Kh3 Kf2 64. Be4 Qb3+ 65. Kh2
Qg3# {White checkmated} 0-1

[Event "Team 45 45 League T59"]
[Site "Internet Chess Club"]
[Date "2014.01.06"]
[Round "6"]
[White "toukon"]
[Black "misuc56"]
[Result "0-1"]
[WhiteElo "1701"]
[BlackElo "1811"]
[Opening "QGD: 3.Nc3"]
[ECO "D31"]
[Time "17:00:27"]
[TimeControl "2700+45"]

1. d4 d5 2. c4 e6 3. Nc3 f5 4. Bf4 c6 5. e3 Nf6 6. Nf3 Bd6 7. Bd3 O-O 8. O-O a6
9. Qc2 Ne4 10. Ne5 Qe7 11. Na4 Nd7 12. f3 Nef6 13. Nxd7 Bxd7 14. Bxd6 Qxd6 15.
c5 Qe7 16. Nb6 Rad8 17. b4 Be8 18. a4 g6 19. b5 axb5 20. axb5 cxb5 21. Ra7 Bc6
22. Rfa1 e5 23. Qb2 exd4 24. Qxd4 Rfe8 25. Re1 Qe5 26. Qb4 d4 27. Bxb5 dxe3 28.
Nc4 Qd4 29. Qb3 e2+ 30. Kh1 Nd5 31. Bxc6 bxc6 32. Ra2 Qf2 33. Raa1 Qxc5 34. Rac1
Qd4 35. Qc2 Qf2 36. Qa4 Nf4 37. Ne3 Qxe3 38. Qc4+ Re6 {White resigns} 0-1

[Event "Team 45 45 League T59"]
[Site "Internet Chess Club"]
[Date "2014.01.06"]
[Round "6"]
[White "WOLFSPELZ"]
[Black "John3v16"]
[Result "1-0"]
[WhiteElo "1569"]
[BlackElo "1626"]
[Opening "Queen's pawn: London system"]
[ECO "A45"]
[Time "05:00:50"]
[TimeControl "2700+45"]

1. d4 Nf6 2. Bf4 d6 3. e3 g6 4. h3 Bg7 5. Nc3 O-O 6. Nf3 c5 7. dxc5 dxc5 8. Qxd8
Rxd8 9. Bd3 Nc6 10. O-O-O h6 11. Bc4 Bd7 12. g4 Na5 13. Be2 Rdc8 14. Ne5 Be6 15.
Bf3 g5 16. Bg3 Rd8 17. h4 Rxd1+ 18. Rxd1 Rc8 19. hxg5 hxg5 20. Be2 a6 21. f4
gxf4 22. exf4 Re8 23. f5 Bc8 24. g5 Nh7 25. g6 fxg6 26. fxg6 Nf8 27. Bd3 b5 28.
a4 b4 29. Ne4 Ne6 30. b3 Bb7 31. Nd2 Rd8 32. Ndc4 Nxc4 33. Nxc4 Nd4 34. Kb1 Nxb3
35. cxb3 Be4 36. Kc2 Bf3 37. Rf1 Bd5 38. Bh4 Re8 39. Ne3 Bc6 40. Nf5 Bf6 41.
Bc4+ Kh8 42. Bxf6+ exf6 43. Rf2 Be4+ 44. Kd2 Rd8+ 45. Ke3 Bxf5 46. Rxf5 Kg7 47.
Rxc5 Kxg6 48. Bxa6 {Black resigns} 1-0

[Event "Team 45 45 League T59"]
[Site "Internet Chess Club"]
[Date "2014.01.05"]
[Round "6"]
[White "semperfi"]
[Black "supermessi"]
[Result "0-1"]
[WhiteElo "1397"]
[BlackElo "1545"]
[Opening "Queen's pawn game, Chigorin variation"]
[ECO "D02"]
[Time "16:01:38"]
[TimeControl "2700+45"]

1. d4 d5 2. Nf3 Nc6 3. e3 Nf6 4. c3 Bf5 5. Bd3 Be4 6. O-O e6 7. Qe2 Bd6 8. Nbd2
O-O 9. Ng5 Bxd3 10. Qxd3 Bxh2+ 11. Kh1 h6 12. Ngf3 Bd6 13. e4 dxe4 14. Nxe4 Nxe4
15. Qxe4 Re8 16. Qg4 Kh7 17. Qe4+ f5 18. Qd3 Qf6 19. g4 Qg6 20. Rg1 Rf8 21. Nh4
Qf6 22. g5 hxg5 23. Bxg5 Qf7 24. Qh3 Qh5 25. Rae1 Rae8 26. Qf3 Qxf3+ 27. Nxf3 e5
28. d5 Na5 29. b3 b6 30. Nh4 c5 31. c4 Nb7 32. Rg2 e4 33. f4 exf3 34. Nxf3 Rxe1+
35. Nxe1 Re8 36. Nd3 Re4 37. Rf2 g6 38. Nf4 Be7 39. Rh2+ Kg7 40. Ne6+ Rxe6 41.
dxe6 Bxg5 42. Re2 Kf8 43. Kg2 Nd8 44. Re5 Ke7 45. Kf3 Nxe6 46. Ke2 Bf6 47. Re3
f4 48. Rh3 g5 49. Rh7+ Ng7 50. Kf3 Ke6 51. Kg4 Ke5 52. Rh8 Ke4 53. Rf8 Bd4 54.
Rf7 a5 55. Re7+ Kd3 56. Rb7 Nf5 57. Rxb6 Nh4 58. Re6 f3 59. Re1 f2 60. Rf1 Ke2
61. Rxf2+ Kxf2 62. Kxg5 Nf3+ 63. Kf5 Ke3 64. Kg4 Nd2 65. Kf5 Kd3 66. Ke6 Kc3 67.
Kd5 Nxb3 68. axb3 Kxb3 {White resigns} 0-1

[Event "Team 45 45 League T59"]
[Site "Internet Chess Club"]
[Date "2014.01.04"]
[Round "6"]
[White "Portola"]
[Black "zap2"]
[Result "1-0"]
[WhiteElo "1818"]
[BlackElo "1708"]
[Opening "Queen's pawn: London system"]
[ECO "A45"]
[Time "09:08:25"]
[TimeControl "2700+45"]

1. d4 Nf6 2. Bf4 e6 3. e3 b6 4. Nf3 Bb7 5. Bd3 g6 6. h3 Bg7 7. Nbd2 d6 8. c3
Nbd7 9. Qe2 a5 10. a4 O-O 11. O-O Qe7 12. Bg5 e5 13. dxe5 dxe5 14. Bc4 e4 15.
Nd4 Ne5 16. Rfd1 Nxc4 17. Qxc4 c5 18. Nb5 Rfd8 19. Nf1 Rd7 20. Qe2 Rad8 21. Rxd7
Qxd7 22. Qc2 Qd3 23. Qc1 Rd7 24. c4 Nh5 25. Nc3 h6 26. Bh4 Bxc3 27. bxc3 Ba6 28.
Qb2 Rd6 29. Be7 Re6 30. Bh4 Bxc4 31. Rc1 Qe2 32. Qa1 Rd6 33. Re1 Qa2 34. Qc1
Bxf1 35. Rxf1 g5 36. g4 gxh4 37. gxh5 Rd2 38. Qe1 Re2 39. Qd1 Qc2 40. Qd8+ Kg7
41. Qxh4 Rd2 42. Kh1 Qd3 43. Rg1+ Kf8 44. Qf6 Qd6 45. Qh8+ Ke7 46. Rg8 Qc6 47.
Ra8 Rd1+ 48. Kg2 Rd2 49. Qf8+ Kd7 50. Qxf7+ Kd6 51. Rd8+ Ke5 52. Rxd2 Qe6 53.
Qf4# {Black checkmated} 1-0

[Event "Team 45 45 League T59"]
[Site "Internet Chess Club"]
[Date "2014.01.06"]
[Round "6"]
[White "ScotchYeti"]
[Black "evan7284"]
[Result "1-0"]
[WhiteElo "1711"]
[BlackElo "1649"]
[Opening "Petrov: classical attack, Marshall variation"]
[ECO "C42"]
[Time "15:00:22"]
[TimeControl "2700+45"]

1. e4 e5 2. Nf3 Nf6 3. Nxe5 d6 4. Nf3 Nxe4 5. d4 d5 6. Bd3 Bd6 7. O-O O-O 8. c4
c6 9. cxd5 cxd5 10. Nc3 Nxc3 11. bxc3 Bg4 12. Rb1 Nd7 13. h3 Bh5 14. Rb5 Nb6 15.
c4 a6 16. Rxb6 Qxb6 17. c5 Bxc5 18. dxc5 Qxc5 19. Bxh7+ Kh8 20. Bb1 Rfe8 21. Be3
Qd6 22. Bd4 Rac8 23. Qb3 b5 24. Ng5 f6 25. Qd3 Kg8 26. Qh7+ Kf8 27. Qh8+ Ke7 28.
Qxg7+ Kd8 29. Bxf6+ Re7 30. Qf8+ {Black resigns} 1-0

[Event "Team 45 45 League T59"]
[Site "Internet Chess Club"]
[Date "2014.01.03"]
[Round "6"]
[White "rubo"]
[Black "cepheid"]
[Result "1-0"]
[WhiteElo "1621"]
[BlackElo "1587"]
[Opening "Queen's pawn: London system"]
[ECO "A45"]
[Time "23:01:07"]
[TimeControl "2700+45"]

1. d4 Nf6 2. Bf4 c5 3. c3 Qb6 4. Qc1 cxd4 5. cxd4 Nc6 6. e3 e6 7. Nc3 Be7 8. Nf3
O-O 9. Be2 h6 10. h3 d6 11. O-O a6 12. Rd1 d5 13. Ne5 Nxe5 14. Bxe5 Bd7 15. Bd3
Rfc8 16. Qd2 Qd8 17. Qe2 Nh7 18. e4 Bf6 19. exd5 exd5 20. Nxd5 Bxe5 21. Qxe5 Be6
22. Nf4 Qf6 23. Be4 Qxe5 24. dxe5 Rc7 25. Nxe6 fxe6 26. Rd6 Re8 27. Bg6 Ree7 28.
Rd8+ Nf8 29. Rad1 Red7 30. R1xd7 Rxd7 31. Rxd7 Nxd7 32. f4 Nc5 33. b4 Na4 34.
Kf2 Nc3 35. a3 Nb5 36. a4 Nc3 37. Bc2 Nd5 38. f5 Nxb4 39. Bb3 Nd3+ 40. Ke3 Nxe5
41. fxe6 Kf8 42. Ke4 Nc6 43. Kd5 Ke7 44. Kc5 Nd8 45. Kb6 g5 46. g4 Kd6 47. Ba2
Nxe6 48. Bxe6 Kxe6 49. Kxb7 a5 50. Kb6 Kd6 51. Kxa5 Kc6 52. Kb4 Kb6 53. a5+ Ka6
54. Kc5 Kxa5 55. Kd6 Kb5 56. Ke6 Kc6 57. Kf6 Kd6 58. Kg6 Ke6 59. Kxh6 Kf6 60.
Kh5 {Black resigns} 1-0

[Event "Team 45 45 League T59"]
[Site "Internet Chess Club"]
[Date "2014.01.03"]
[Round "6"]
[White "Gilguli"]
[Black "JohLeb"]
[Result "1/2-1/2"]
[WhiteElo "1390"]
[BlackElo "1381"]
[Opening "Queen's pawn game, Darooha variation "]
[ECO "D11"]
[Time "16:04:08"]
[TimeControl "2700+45"]

1. d4 d5 2. Nf3 Nf6 3. c4 c6 4. Bg5 h6 5. Bh4 Bg4 6. e3 Nbd7 7. h3 Bh5 8. Nc3 e6
9. cxd5 exd5 10. Be2 Be7 11. Qb3 b6 12. O-O O-O 13. Rfc1 Ne4 14. Bxe7 Qxe7 15.
Qd1 Rac8 16. Nxe4 dxe4 17. Nd2 Bxe2 18. Qxe2 Nf6 19. Rc2 Rc7 20. Rac1 Rfc8 21.
Nc4 Nd5 22. a3 f6 23. Qg4 c5 24. Nd2 cxd4 25. Rxc7 Rxc7 26. Rxc7 Qxc7 27. Qe6+
Qf7 28. Qxf7+ Kxf7 29. exd4 f5 30. g3 g6 31. Kf1 Ke6 32. Nc4 g5 33. Ke2 h5 34.
f3 exf3+ 35. Kxf3 g4+ 36. hxg4 hxg4+ 37. Ke2 Nf6 38. Ke3 Ne4 39. Kf4 Kd5 40.
Ne3+ Kxd4 41. Nxf5+ Kd3 42. Kxg4 Kc2 43. Kf4 Nf2 44. g4 Nxg4 45. Kxg4 Kxb2 46.
Nd4 a6 47. Kf3 Kxa3 48. Ke3 Kb4 49. Kd3 a5 50. Nc2+ Kb3 51. Nd4+ Kb4 52. Nc2+
Kb3 53. Nd4+ Kb4 {Game drawn by repetition} 1/2-1/2

[Event "Team 45 45 League T59"]
[Site "Internet Chess Club"]
[Date "2014.01.07"]
[Round "6"]
[White "clarinetref"]
[Black "calsal"]
[Result "0-1"]
[WhiteElo "1595"]
[BlackElo "1708"]
[Opening "Center game: Berger variation"]
[ECO "C22"]
[Time "10:09:49"]
[TimeControl "2700+45"]

1. e4 e5 2. d4 exd4 3. Qxd4 Nc6 4. Qe3 Nf6 5. Nc3 Bb4 6. Bd2 O-O 7. O-O-O Re8 8.
f3 d5 9. Qg5 d4 10. Nd5 Bxd2+ 11. Rxd2 Nxd5 12. Qxd5 Be6 13. Qxd8 Raxd8 14. b3
Ne5 15. h3 Ng6 16. Bd3 a5 17. a4 c6 18. Ne2 f6 19. h4 Ne5 20. Ng3 Rb8 21. Be2 c5
22. Nf5 Bd7 23. f4 Ng6 24. Bc4+ Kf8 25. Nd6 Re7 26. g3 Bc6 27. h5 Nh8 28. Re1
Rd8 29. e5 Rxd6 30. Rde2 Rd8 31. e6 Bd5 32. f5 Bxc4 33. bxc4 d3 34. cxd3 Rxd3
35. Rd2 Rxg3 36. Rd8+ Re8 37. e7+ Kf7 38. Rd7 Rg5 39. Rxb7 Rxf5 40. h6 g6 41.
Ra7 g5 42. Rxa5 Ng6 43. Ra7 Ne5 44. Kc2 Rxe7 45. Rxe7+ Kxe7 46. a5 Kd6 47. a6
Kc7 48. Rb1 Rf2+ 49. Kc3 Ra2 50. Rb7+ Kc6 51. Rxh7 Rxa6 52. Rg7 Ra3+ 53. Kd2 Rh3
54. h7 Nxc4+ 55. Ke2 Ne5 56. Kf2 c4 57. Kg2 Rh4 58. Kg3 c3 59. Ra7 Kb6 60. Ra3
Rxh7 61. Rxc3 g4 62. Rb3+ Kc5 63. Rb8 Rf7 64. Rc8+ Kd5 65. Kf4 Rg7 66. Rd8+ Ke6
67. Re8+ Re7 68. Rg8 f5 69. Rg5 Rf7 70. Rh5 Rg7 71. Kg3 Nd3 {White resigns} 0-1

[Event "Team 45 45 League T59"]
[Site "Internet Chess Club"]
[Date "2014.01.05"]
[Round "6"]
[White "JeffH"]
[Black "uzi"]
[Result "1/2-1/2"]
[WhiteElo "1569"]
[BlackElo "1378"]
[Opening "Scandinavian defense"]
[ECO "B01"]
[Time "14:12:34"]
[TimeControl "2700+45"]

1. e4 d5 2. exd5 Nf6 3. Nf3 Nxd5 4. d4 Bg4 5. Be2 e6 6. O-O Bd6 7. c4 Nf4 8.
Bxf4 Bxf4 9. h3 Bh5 10. Nc3 c6 11. Re1 Nd7 12. Qb3 Qc7 13. Ne4 O-O 14. Rad1 Bg6
15. Bd3 Rfd8 16. Nh4 Nf6 17. Nxf6+ gxf6 18. g3 Bg5 19. Bxg6 hxg6 20. Nf3 Bh6 21.
Re4 Rd7 22. Rh4 Bg7 23. d5 cxd5 24. cxd5 Rad8 25. Rhd4 e5 26. Rc4 Qa5 27. Ra4
Qb6 28. Rb4 Qc7 29. Rc4 Qa5 30. Ra4 Qb6 31. Rb4 Qc7 32. Rc4 {Game drawn by
repetition} 1/2-1/2

[Event "Team 45 45 League T59"]
[Site "Internet Chess Club"]
[Date "2014.01.06"]
[Round "6"]
[White "PostMike"]
[Black "jjaillet2007"]
[Result "1-0"]
[WhiteElo "1395"]
[BlackElo "1346"]
[Opening "French: Marshall variation"]
[ECO "C10"]
[Time "14:30:22"]
[TimeControl "2700+45"]

1. e4 e6 2. d4 d5 3. Nc3 c5 4. exd5 exd5 5. dxc5 d4 6. Bb5+ Nc6 7. Qe2+ Be6 8.
Ne4 Qa5+ 9. Bd2 Qxb5 10. Qxb5 Rb8 11. Qe2 Be7 12. Nf3 Bg4 13. h3 Bh5 14. a3 f5
15. Nd6+ Kd7 16. Ne5+ Nxe5 17. Qxe5 Bg6 18. Qxd4 Re8 19. O-O-O Bf6 20. Qa4+ Kc7
21. Nxe8+ Bxe8 22. Qxe8 {Black resigns} 1-0

[Event "Team 45 45 League T59"]
[Site "Internet Chess Club"]
[Date "2014.01.04"]
[Round "6"]
[White "stantheman59"]
[Black "Fogbound"]
[Result "1-0"]
[WhiteElo "1257"]
[BlackElo "1338"]
[Opening "Dutch"]
[ECO "A80"]
[Time "14:30:17"]
[TimeControl "2700+45"]

1. d4 f5 2. e3 Nf6 3. Bd3 e6 4. f4 b6 5. Nd2 Bb7 6. Ngf3 Nc6 7. c3 Ne7 8. O-O
Ned5 9. Qe2 c5 10. e4 Nxf4 11. Qe3 Nxd3 12. exf5 Be7 13. fxe6 O-O 14. Ng5 c4 15.
Nxc4 Nxc1 16. Raxc1 Ng4 17. Qd3 Bxg5 18. Rxf8+ Qxf8 19. Rf1 Be3+ 20. Qxe3 Qe7
21. Rf7 Qh4 22. Qg3 Qg5 23. Rf4 Rf8 24. Rxf8+ Kxf8 25. Qb8+ Ke7 26. Qd6+ Kd8 27.
Qxd7# {Black checkmated} 1-0

[Event "Team 45 45 League T59"]
[Site "Internet Chess Club"]
[Date "2014.01.05"]
[Round "6"]
[White "Electryon"]
[Black "conrad9"]
[Result "1-0"]
[WhiteElo "1556"]
[BlackElo "1410"]
[Opening "English opening: Agincourt variation"]
[ECO "A13"]
[Time "16:00:37"]
[TimeControl "2700+45"]

1. Nf3 d5 2. c4 e6 3. b3 Nf6 4. Bb2 c6 5. g3 Nbd7 6. Bg2 Be7 7. O-O O-O 8. Nc3
Qb6 9. Na4 Qc7 10. Rc1 Re8 11. c5 e5 12. d4 e4 13. Ne5 Nxe5 14. dxe5 Nd7 15. Qd4
f6 16. exf6 Bxf6 17. Qe3 Ne5 18. Qf4 Bg4 19. Bxe5 Bxe5 20. Qxg4 Rf8 21. e3 Bf6
22. Nc3 Qa5 23. Na4 Qc7 24. f3 Rae8 25. fxe4 dxe4 26. Rf4 Re7 27. Rxe4 Rfe8 28.
Rxe7 Rxe7 29. Qc4+ Kh8 30. e4 b5 31. cxb6 axb6 32. Qxc6 Bd4+ 33. Kh1 Qd8 34. Qc8
Re8 35. Qxd8 Rxd8 36. Rd1 b5 37. Nc3 {Black resigns} 1-0

[Event "Team 45 45 League T59"]
[Site "Internet Chess Club"]
[Date "2014.01.02"]
[Round "6"]
[White "Mitochondria"]
[Black "seattleblues"]
[Result "1-0"]
[WhiteElo "1503"]
[BlackElo "1520"]
[Opening "Nimzo-Indian: three knights variation"]
[ECO "E21"]
[Time "21:03:41"]
[TimeControl "2700+45"]

1. d4 Nf6 2. c4 e6 3. Nc3 Bb4 4. Nf3 Nc6 5. e3 Ne4 6. Qc2 Nxc3 7. bxc3 Be7 8.
Bd3 f5 9. O-O O-O 10. Qa4 b6 11. Ba3 Bb7 12. Bxe7 Qxe7 13. Qc2 Na5 14. Be2 Ba6
15. Nd2 Bb7 16. Rab1 c5 17. Bf3 Bxf3 18. gxf3 Rf6 19. Kh1 Rh6 20. Rg1 Rf8 21.
Rg2 Qh4 22. Rbg1 Rf7 23. f4 Qe7 24. Qd1 Rh3 25. Qe2 Qd8 26. Nf3 h6 27. Ne5 Re7
28. Ng6 Rf7 29. Ne5 Re7 30. Rg3 Qa8+ 31. R1g2 Rxg3 32. hxg3 d6 33. Ng6 Rf7 34.
g4 Kh7 35. gxf5 exf5 36. Qh5 Qb7 37. Nh4 Qd7 38. Nf3 Kg8 39. Qxh6 Rf6 40. Qxf6
{Black resigns} 1-0

[Event "Team 45 45 League T59"]
[Site "Internet Chess Club"]
[Date "2014.01.03"]
[Round "6"]
[White "akshayk06"]
[Black "Zyme"]
[Result "1-0"]
[WhiteElo "1518"]
[BlackElo "1415"]
[Opening "King's Indian: Petrosian system, main line"]
[ECO "E93"]
[Time "21:01:05"]
[TimeControl "2700+45"]

1. Nf3 Nf6 2. d4 g6 3. c4 Bg7 4. Nc3 O-O 5. e4 d6 6. Be2 e5 7. d5 Nbd7 8. Bg5 h6
9. Be3 Ng4 10. Bd2 f5 11. exf5 gxf5 12. h3 Ngf6 13. Qc2 Nc5 14. O-O-O a5 15. g4
Nfe4 16. Nxe4 fxe4 17. Nh2 Rxf2 18. Be3 Nd3+ 19. Kb1 Nb4 20. Qd2 Rf6 21. Rdg1
Rg6 22. g5 Kh7 23. Bh5 Bf5 24. Bxg6+ Bxg6 25. Qg2 Qe8 26. h4 Nd3 27. h5 Nf4 28.
Bxf4 e3+ 29. hxg6+ Kg8 30. Bxe3 Qxg6+ 31. Qc2 Qxc2+ 32. Kxc2 h5 33. Rf1 c6 34.
dxc6 bxc6 35. g6 d5 36. c5 d4 37. Bg5 e4 38. Bf6 d3+ 39. Kd2 Rf8 40. Bxg7 Kxg7
41. Rxf8 Kxf8 42. Ke3 Kg7 43. Rg1 a4 44. Kxe4 d2 45. Kf5 {Black resigns} 1-0

[Event "Team 45 45 League T59"]
[Site "Internet Chess Club"]
[Date "2014.01.05"]
[Round "6"]
[White "artspir"]
[Black "Conjurer"]
[Result "1-0"]
[WhiteElo "1268"]
[BlackElo "1245"]
[Opening "Queen's pawn game"]
[ECO "A46"]
[Time "14:14:12"]
[TimeControl "2700+45"]

1. d4 Nf6 2. Nf3 e6 3. Bf4 d5 4. Nbd2 Be7 5. h3 O-O 6. e3 a6 7. Bd3 c5 8. c3 Nc6
9. O-O Bd7 10. e4 cxd4 11. cxd4 dxe4 12. Nxe4 Nd5 13. Bd2 Qb6 14. Bc3 Rac8 15.
Qb3 Ncb4 16. Bc4 Qc7 17. Ne5 Bb5 18. Bxb5 axb5 19. Rfc1 Qd8 20. a3 Nxc3 21. Nxc3
Qxd4 22. Nf3 Qf4 23. axb4 Bxb4 24. Rd1 Rc7 25. Rd4 Qf5 26. Rxb4 Rd8 27. Rxb5 Qd3
28. Rd1 Rxc3 29. Rxd3 Rc1+ 30. Kh2 {Black resigns} 1-0

[Event "Team 45 45 League T59"]
[Site "Internet Chess Club"]
[Date "2014.01.04"]
[Round "6"]
[White "pereelcoix"]
[Black "TwinsburgOHUSA"]
[Result "1-0"]
[WhiteElo "1705"]
[BlackElo "1508"]
[Opening "Réti: King's Indian attack (Barcza system)"]
[ECO "A07"]
[Time "06:01:50"]
[TimeControl "2700+45"]

1. Nf3 d5 2. g3 Nf6 3. c4 Nc6 4. cxd5 Qxd5 5. Nc3 Qd8 6. d4 Bg4 7. Bg2 e6 8. e3
Be7 9. O-O O-O 10. h3 Bh5 11. Qa4 Bxf3 12. Bxf3 Qd7 13. Bxc6 Qxc6 14. Qxc6 bxc6
15. b3 Nd5 16. Bb2 Nb4 17. a3 Nd3 18. Bc1 Nxc1 19. Rfxc1 c5 20. dxc5 Bxc5 21.
Ne4 Bb6 22. a4 a5 23. Rc6 Rfd8 24. Rac1 h6 25. Kg2 Rd3 26. R1c3 Rad8 27. g4 Rd1
28. Kg3 Rg1+ 29. Kh2 Rdd1 30. Ng3 Rge1 31. Rc2 Ra1 32. Rd2 Red1 33. Rxd1 Rxd1
34. Rc3 Kf8 35. Ne4 Ke7 36. Kg2 g6 37. Rc2 Rd3 38. Rc3 Rxc3 39. Nxc3 Kd6 40.
Ne4+ Kd5 41. Kf3 f5 42. Nc3+ Kc5 43. gxf5 exf5 44. Na2 c6 45. Ke2 g5 46. Kd2 h5
47. Nc1 Kd5 48. Ne2 h4 49. f3 Bc7 50. Nc3+ Kc5 51. Kd3 Be5 52. Nd1 Kb4 53. Kc2
c5 54. Nf2 c4 55. bxc4 Kxc4 56. Nd3 Bh2 57. Nb2+ Kb4 58. e4 fxe4 59. fxe4 g4 60.
hxg4 Bg3 61. g5 h3 62. g6 h2 63. g7 h1=Q 64. g8=Q Qxe4+ 65. Nd3+ Ka3 66. Qb3#
{Black checkmated} 1-0